 Dungeon Crawl Stone Soup version 0.31-a0-1074-g0b22e4e0f1 (webtiles) character file.

Game seed: 3450235821551297724

107 Strat the Caller (level 4, 0/26 HPs)
             Began as a Deep Elf Summoner on Nov 27, 2023.
             Slain by an orc wizard
             ... wielding a +0 dagger
              (1 damage)
             ... on level 3 of the Dungeon.
             The game lasted 00:06:15 (2368 turns).

Strat the Caller (Deep Elf Summoner)                Turns: 2368, Time: 00:06:16

Health: 0/26       AC:  6    Str:  7    XL:     4   Next: 56%
Magic:  17/19      EV: 12    Int: 20    God:
Gold:   154        SH:  0    Dex: 15    Spells: 3/9 levels left

rFire   . . .        l - +0 dagger
rCold   . . .        (no shield)
rNeg    . . .        a - +0 robe
rPois   .            (no helmet)
rElec   .            (no cloak)
rCorr   .            (no gloves)
SInv    .            (no boots)
Will    .....        (no amulet)
Stlth   ++           i - +4 ring of protection
HPRegen 0.24/turn    m - ring of magical power
MPRegen 0.16/turn

%: no passive effects
@: invisible
A: no striking features
a: no special abilities


You were on level 3 of the Dungeon.
You visited 1 branch of the dungeon, and saw 3 of its levels.

You collected 154 gold pieces.

Inventory:

Hand Weapons
 l - a +0 dagger (weapon)
Armour
 a - a +0 robe (worn)
Jewellery
 d - a ring of magical power
 i - a +4 ring of protection (left hand)
 m - a ring of magical power (right hand)
Talismans
 g - a flux talisman
Scrolls
 c - a scroll of revelation {unknown}
 f - a scroll of poison {unknown}
 h - a scroll of teleportation {unknown}
 j - a scroll of amnesia {unknown}
 n - a scroll of fear {unknown}
 p - a scroll of blinking {unknown}
Potions
 b - 2 potions of magic
 e - a potion of invisibility
 k - a potion of lignification {unknown}
 o - a potion of curing {unknown}
 q - a potion of attraction {unknown}


   Skills:
 + Level 1.7 Fighting
 - Level 2.4 Dodging
 - Level 2.4 Stealth
 - Level 3.0 Spellcasting
 * Level 1.4 Hexes
 * Level 5.8 Summonings


You had 3 spell levels left.
You knew the following spells:

 Your Spells              Type           Power      Damage    Failure   Level
a - Summon Small Mammal   Summ           100%       N/A       1%          1
b - Call Imp              Summ           52%        N/A       1%          2
c - Summon Guardian Gole  Hex/Summ       17%        N/A       10%         3

Your spell library contained the following spells:

 Spells                   Type           Power      Damage    Failure   Level
 Call Canine Familiar     Summ           26%        N/A       3%          3
 Sandblast                Erth           6%         2d5       14%         1
 Passwall                 Tmut/Erth      2%         N/A       22%         2
 Stone Arrow              Conj/Erth      6%         3d7       38%         3
 Summon Lightning Spire   Summ/Air       14%        N/A       38%         4
 Brom's Barrelling Bould  Conj/Erth      3%         2d3       80%         4


Dungeon Overview and Level Annotations

Branches:
Dungeon (3/15)

Altars:

Shops:
D:2 (   D:3 *


Message History

Something hits you.
You hear some strange, mumbled words.
You are confused.
Your cerulean imp barely misses the orc.
You bump into the rock wall.
Your cerulean imp barely misses the orc priest.
You hear some strange, mumbled words.
A puff of flame appears from out of thin air!
The puff of flame hits you.
You bump into the rock wall.
The orc priest calls upon Beogh to heal the orc.
The orc's wounds heal themselves!
Your cerulean imp hits the orc priest but does no damage.
You're too confused to move!
The orc hits your cerulean imp with a +3 short sword of protection.
Something hits you but does no damage.
Okay, then.
You're too confused to cast spells.
You bump into the rock wall.
The orc barely misses you.
Your cerulean imp closely misses the orc priest.
The orc hits your cerulean imp with a +3 short sword of protection.
Something hits you but does no damage.
You hit something.
You feel less confused. The orc hits you with a +0 flail!
* * * LOW HITPOINT WARNING * * *
The orc priest invokes the aid of Beogh against you.
Beogh smites you!
Ouch! That really hurt!
* * * LOW HITPOINT WARNING * * *
Your cerulean imp hits the orc but does no damage.
The orc barely misses your cerulean imp.
Something hits you but does no damage.
It was a potion of invisibility.
You fade into invisibility!
The orc closely misses you.
Your cerulean imp hits the orc but does no damage.
The orc hits your cerulean imp with a +3 short sword of protection.
Something hits you.
You die...

#........###.#.....####.##
#...........)##....#......
#########....##..#.#....#+#####
#....'..>#.#...#.......
#....###.#.+........... #....#
#.###........... #....# #.#
#........... #....#
#{###........... #....#
#@oo5o9...§.†).. #∩...#
#####.........## #....#
#...####### #....# #...# #....#
#...# ###### #...# #####


You could see an orc priest (unable to see you), 2 orcs, a friendly guardian
golem (summoned) and a friendly cerulean imp (summoned, sheltered).

Vanquished Creatures
  An adder (D:3)
  2 worms
  2 bats (D:2)
  A frilled lizard (D:3)
  A rat (D:2)
7 creatures vanquished.

Vanquished Creatures (collateral kills)
  3 adders (D:2)
  A dart slug (D:1)
  6 orcs (D:3)
  6 endoplasms
  A giant cockroach (D:1)
  5 goblins
  3 hobgoblins
  3 quokkas
  2 ball pythons
  2 bats
  4 frilled lizards
  7 kobolds
  7 rats
50 creatures vanquished.

Grand Total: 57 creatures vanquished

Notes
Turn   | Place    | Note
-------+----------+-------------------------------------------
     0 | D:1      | Strat the Deep Elf Summoner began the quest for the Orb.
     0 | D:1      | Reached XP level 1. HP: 10/10 MP: 6/6
   309 | D:1      | Reached XP level 2. HP: 16/16 MP: 6/8
   312 | D:1      | Learned a level 2 spell: Call Imp
   599 | D:1      | You fall into a shaft and drop 1 floor!
   775 | D:1      | Reached skill level 5 in Summonings
   831 | D:1      | Reached skill level 1 in Fighting
   998 | D:2      | Found Guupniagga's Weapon Shoppe.
  1118 | D:2      | Reached XP level 3. HP: 15/20 MP: 6/9
  1793 | D:3      | Learned a level 3 spell: Summon Guardian Golem
  1806 | D:3      | Reached XP level 4. HP: 25/25 MP: 10/10
  1915 | D:3      | Found Ysovoun's Assorted Antiques.
  2078 | D:3      | Reached skill level 1 in Hexes
  2367 | D:3      | HP: 1/26 [orc priest/divine providence (14)]
  2368 | D:3      | Slain by an orc wizard

Illustrated notes

Levels and vault maps discovered:
D:1:      ebering_trefoil_twist, layout_loops_ring
D:2:      layout_rooms, serial_shops, shop, chequers_serial_rivers_large_b
D:3:      layout_basic, serial_shops, shop

Skill      XL: |  1  2  3  4 |
---------------+-------------+-----
Summonings     | 5 |  5.8
Fighting       | 1 |  1.7
Hexes          | 1 |  1.4
Dodging        | |  2.4
Stealth        | |  2.4
Spellcasting   | |  3.0

Action                     |  1- 3 |  4- 6 || total
---------------------------+-------+-------++-------
  Melee: Unarmed           |     5 |       ||     5
         Dagger            |    16 |    18 ||    34
   Cast: Summon Small Mamm |    26 |     3 ||    29
         Call Imp          |    20 |    13 ||    33
         Summon Guardian G |       |     2 ||     2
    Use: Potion            |       |     1 ||     1
   Stab: Distracted        |     1 |       ||     1
 Armour: Robe              |    29 |    14 ||    43
  Dodge: Dodged            |    35 |    11 ||    46

Table legend: (Time is in decaauts)
 A = Elapsed time spent in this place.
 B = Non-inter-level travel time spent in this place.
 C = Inter-level travel time spent in this place.
 D = Time resting spent in this place.
 E = Time spent auto-exploring this place.
 F = Levels seen in this place.
 G = Mean time per level.
                   A        B        C        D        E       F      G
               +--------+--------+--------+--------+--------+-----+--------+
         Total |   2392 |   2298 |     94 |     60 |   1571 |   3 |  797.3 |
       Dungeon |   2392 |   2298 |     94 |     60 |   1571 |   3 |  797.3 |
               +--------+--------+--------+--------+--------+-----+--------+

Top non-repeatable levels by time:
     D:1: 930 daAuts
     D:2: 882 daAuts
     D:3: 579 daAuts
